 Dungeon Crawl Stone Soup version 0.31-a0-620-gd1cbd99268 (webtiles) character file.

Game seed: 2981461480826198963

156 Iich the Trooper (level 5, -3/43 HPs)
             Began as a Demonspawn Fighter on Aug 24, 2023.
             Slain by Natasha (7 damage)
             ... on level 2 of the Dungeon.
             The game lasted 00:03:27 (1945 turns).

Iich the Trooper (Demonspawn Fighter)               Turns: 1945, Time: 00:03:27

Health: -3/43      AC:  8    Str: 16    XL:     5   Next: 14%
Magic:  5/5        EV:  9    Int:  9    God:
Gold:   179        SH:  5    Dex: 15    Spells: 4/4 levels left

rFire   . . .        f - +2 hand axe (elec)
rCold   . . .        c - +0 buckler
rNeg    . . .        b - +0 scale mail
rPois   +            (no helmet)
rElec   .            t - +0 cloak {rPois}
rCorr   .            (no gloves)
SInv    .            (no boots)
Will    .....        (no amulet) Stlth
                     (no ring)
HPRegen 0.27/turn    (no ring)
MPRegen 0.09/turn

%: no passive effects
@: no status effects
A: rugged brown scales 1
a: no special abilities


You were on level 2 of the Dungeon.
You visited 1 branch of the dungeon, and saw 2 of its levels.

You collected 179 gold pieces.

Inventory:

Hand Weapons
 a - a +0 war axe
 f - a +2 hand axe of electrocution (weapon)
Armour
 b - a +0 scale mail (worn)
 c - a +0 buckler (worn)
 j - a +0 plate armour
 t - a +0 cloak of poison resistance (worn)
Talismans
 k - a maw talisman
Scrolls
 e - a scroll of identify {unknown}
 g - a scroll of vulnerability {unknown}
 h - a scroll of brand weapon {unknown}
 i - a scroll of immolation
 l - a scroll of amnesia {unknown}
 p - a scroll of fog {unknown}
 q - a scroll of blinking {unknown}
 s - a scroll of revelation {unknown}
Potions
 d - a potion of might
 m - a potion of haste {unknown}
 n - a potion of curing {unknown}
 o - a potion of enlightenment {unknown}
 r - a potion of cancellation {unknown}


   Skills:
 + Level 4.0 Fighting
 + Level 3.0 Axes
 - Level 2.6 Armour
 + Level 2.1 Dodging
 - Level 2.6 Shields
 + Level 1.2 Shapeshifting


You had 4 spell levels left.
You didn't know any spells.
Your spell library contained the following spells:

 Spells                   Type           Power      Damage    Failure   Level
 Sandblast                Erth           0%         2d4       88%         1
 Passwall                 Tmut/Erth      0%         N/A       96%         2
 Stone Arrow              Conj/Erth      0%         3d7       99%         3


Dungeon Overview and Level Annotations

Branches:
Dungeon (2/15)

Altars:

Annotations:
D:2 Natasha


Innate Abilities, Weirdness & Mutations

You are partially covered in rugged brown scales. (AC +1, +3% HP)


Message History

Natasha mumbles some strange words.
Natasha wildly gestures.
You feel troubled.
Natasha zaps a wand.
The puff of flame misses you.
You closely miss Natasha.
Natasha zaps a wand.
The puff of flame hits you. You block the cerulean imp's attack.
You take 4 damage, and have 39/43 hp.
You barely miss Natasha.
Natasha zaps a wand.
The puff of flame hits you! The cerulean imp barely misses you.
You take 12 damage, and have 27/43 hp. !!!!--MASSIVE DAMAGE--!!!!
You are too injured to fight recklessly!
You are too injured to fight recklessly!
You are too injured to fight recklessly!
You barely miss Natasha.
Natasha zaps a wand.
The puff of flame hits you!
* * * LOW HITPOINT WARNING * * *
The cerulean imp hits you from afar with a +2 spear.
* * * LOW HITPOINT WARNING * * *
You take 13 damage, and have 14/43 hp. !!!!--MASSIVE DAMAGE--!!!!
You barely miss Natasha. Natasha casts a spell at you. The magic dart hits you.
* * * LOW HITPOINT WARNING * * *
The cerulean imp barely misses you.
You take 4 damage, and have 10/43 hp.
You barely miss Natasha. Natasha barely misses you.
The cerulean imp hits you from afar with a +2 spear!
* * * LOW HITPOINT WARNING * * *
Natasha zaps a wand.
You block the puff of flame.
You take 7 damage, and have 3/43 hp.
Okay, then.
The cerulean imp attacks as it pursues you!
You block the cerulean imp's attack. The cerulean imp barely misses you.
The cerulean imp attacks as it pursues you!
The cerulean imp hits you but does no damage.
You block the cerulean imp's attack. Natasha claws you but does no damage.
There is a stone staircase leading up here.
The cerulean imp hits you but does no damage.
Natasha claws you!
You die...
Natasha begins licking her fur clean.

##....# #.# #.# ####..# ###.#.#
##'## #.# #..# ......# ##...##
#.######..# ###.##### ##.....##
#.........# ....รท...#
##>......######.###.##
.##.#...####.........####...##.##
.##........'.........'...........
.##.#...####..5h.....####...##.##
.##.##..# ##...@...## ##.###.#
.##.###.# ##.....## #####.##
.##.###.# ##...## #.....
........# ##'## #.#.## ###.#####
#.# ##.#.## ##.## ### #.# #....##
#...####.## ##.## #..####
#.........####...## #..# #
#...##.#.#.##.....# #..####


You could see Natasha and a cerulean imp (summoned).

Vanquished Creatures
  Crazy Yiuf (D:2)
  Jessica (D:2)
  Natasha (D:2)
  A gnoll (D:1)
  An adder (D:2)
  3 worms (D:2)
  2 dart slugs
  3 giant cockroaches
  3 hobgoblins
  2 jackals (D:2)
  2 quokkas
  6 ball pythons
  6 bats
  4 frilled lizards (D:1)
  5 goblins (D:1)
  2 kobolds
  4 rats
47 creatures vanquished.

Notes
Turn   | Place    | Note
-------+----------+-------------------------------------------
     0 | D:1      | Iich the Demonspawn Fighter began the quest for the Orb.
     0 | D:1      | Reached XP level 1. HP: 18/18 MP: 1/1
   101 | D:1      | Gained mutation: You are partially covered in rugged brown
                  | scales. (AC +1, +3% HP) [demonic ancestry]
   101 | D:1      | Reached XP level 2. HP: 15/24 MP: 2/2
   225 | D:1      | Reached skill level 1 in Dodging
   449 | D:1      | Reached XP level 3. HP: 29/29 MP: 3/3
  1207 | D:2      | Reached XP level 4. HP: 38/38 MP: 4/4
  1437 | D:2      | Noticed Natasha
  1451 | D:2      | Killed Natasha
  1567 | D:2      | Noticed Jessica
  1572 | D:2      | Killed Jessica
  1573 | D:2      | Reached skill level 1 in Shapeshifting
  1652 | D:2      | Found a runed translucent door.
  1653 | D:2      | Noticed Crazy Yiuf
  1715 | D:2      | Killed Crazy Yiuf
  1716 | D:2      | Reached skill level 4 in Fighting
  1716 | D:2      | Reached XP level 5. HP: 36/43 MP: 5/5
  1932 | D:2      | Noticed Natasha
  1945 | D:2      | Slain by Natasha

Illustrated notes

Levels and vault maps discovered:
D:1:      minmay_arrival_checkered_box, layout_basic, serial_park_tiny_2
D:2:      layout_loops_corners, uniq_crazy_yiuf_cottage, uniq_natasha,
          uniq_jessica

Skill      XL: |  1  2  3  4 |
---------------+-------------+-----
Axes           | 2 3 |  3.0
Dodging        | 1 2 |  2.1
Shapeshifting  | 1 |  1.2
Fighting       | 4 |  4.0
Armour         | |  2.6
Shields        | |  2.6

Action                     |  1- 3 |  4- 6 || total
---------------------------+-------+-------++-------
  Melee: War axe           |    12 |       ||    12
         Hand axe          |    79 |    32 ||   111
    Use: Scroll            |       |     1 ||     1
 Armour: Scale mail        |    40 |    13 ||    53
  Dodge: Dodged            |    40 |    20 ||    60
  Block: Buckler           |    17 |    10 ||    27

Table legend: (Time is in decaauts)
 A = Elapsed time spent in this place.
 B = Non-inter-level travel time spent in this place.
 C = Inter-level travel time spent in this place.
 D = Time resting spent in this place.
 E = Time spent auto-exploring this place.
 F = Levels seen in this place.
 G = Mean time per level.
                   A        B        C        D        E       F      G
               +--------+--------+--------+--------+--------+-----+--------+
         Total |   1973 |   1919 |     54 |    102 |   1424 |   2 |  986.5 |
       Dungeon |   1973 |   1919 |     54 |    102 |   1424 |   2 |  986.5 |
               +--------+--------+--------+--------+--------+-----+--------+

Top non-repeatable levels by time:
     D:2: 1206 daAuts
     D:1: 766 daAuts
